 Dungeon Crawl Stone Soup version 0.23.0 (webtiles) character file.

Game seed: 2555727211991768653

2864 vishdafish the Jester (level 10, 0/77 HPs)
             Began as a Formicid Fighter on Feb 15, 2019.
             Was a Follower of Nemelex Xobeh.
             Slain by a killer bee (5 damage)
             ... on level 8 of the Dungeon.
             The game lasted 00:19:50 (7829 turns).

vishdafish the Jester (Formicid Fighter)            Turns: 7829, Time: 00:19:51

Health: 0/77       AC: 15    Str: 22    XL:     10   Next: 4%
Magic:  24/24      EV:  7    Int: 12    God:    Nemelex Xobeh [*.....]
Gold:   266        SH: 11    Dex: 16    Spells: 9/9 levels left

rFire    . . .     SeeInvis +   d - +0 battleaxe
rCold    . . .     Gourm    .   c - +0 shield
rNeg     . . .     Faith    .   q - +0 chain mail
rPois    .         Spirit   .   (helmet unavailable)
rElec    +         Reflect  .   (no cloak)
rCorr    +         Harm     .   (no gloves)
MR       +....                  p - +1 pair of boots "Sycwuiwn" {-Tele rElec rCorr Int+2 Dex+6}
Stlth    ..........             (no amulet)
HPRegen  0.22/turn              r - +3 ring of protection
MPRegen  0.19/turn              l - ring of magical power

@: no status effects
A: permanent stasis, dig shafts and tunnels, four strong arms, antennae 3
a: Dig, Shaft Self, Draw Escape, Draw Destruction, Draw Summoning, Renounce
Religion


You were on level 8 of the Dungeon.
You worshipped Nemelex Xobeh.
Nemelex Xobeh was aware of your devotion.
You were very hungry.

You visited 2 branches of the dungeon, and saw 9 of its levels.
You also visited: Sewer.

You collected 364 gold pieces.
You spent 98 gold pieces at shops.

Inventory:

Hand Weapons
 a - a +1 war axe
 d - a +0 battleaxe (weapon)
 e - a +6 dire flail of holy wrath
Armour
 b - a +0 scale mail
 c - a +0 shield (worn)
 p - the +1 pair of boots "Sycwuiwn" (worn) {-Tele rElec rCorr Int+2 Dex+6}
   (You found it on level 7 of the Dungeon)

   It affects your intelligence (+2).
   It affects your dexterity (+6).
   It insulates you from electricity.
   It prevents most forms of teleportation.
   It provides partial protection from all sources of acid and corrosion.
 q - a +0 chain mail (worn)
Jewellery
 l - a ring of magical power (right hand)
 r - a +3 ring of protection (left hand)
Wands
 o - a wand of polymorph (5)
Scrolls
 h - 2 scrolls of fear {unknown}
 i - 2 scrolls of immolation
 k - a scroll of enchant weapon
 m - a scroll of amnesia {unknown}
 s - 2 scrolls of noise {unknown}
 t - a scroll of vulnerability {unknown}
 u - a scroll of remove curse
 v - 3 scrolls of teleportation
 x - 2 scrolls of enchant armour {unknown}
 y - a scroll of fog {unknown}
Potions
 j - a potion of flight
 n - a potion of agility {unknown}
 w - a potion of brilliance {unknown}
 z - a potion of magic {unknown}
 A - a potion of haste
 B - 2 potions of resistance {unknown}
 C - a potion of cancellation {unknown}
Comestibles
 f - 9 rations


   Skills:
 + Level 6.8 Fighting
 + Level 6.5 Axes
 + Level 6.8 Armour
 + Level 7.5 Shields
 * Level 7.7 Invocations


You had 9 spell levels left.
You didn't know any spells.
Your spell library was empty.

Dungeon Overview and Level Annotations

Branches:
Dungeon (8/15)             Temple (1/1) D:4
   Lair: D:8-11

Altars:
Ashenzari
Cheibriados
Dithmenos
Fedhas
Hepliaklqana
Kikubaaqudgha
Makhleb
Nemelex Xobeh
Okawaru
Qazlal
Ru
Sif Muna
Trog
Uskayaw
Vehumet
Wu Jian
Xom
Yredelemnul
Zin
The Shining One

Shops:
D:4 *   D:5 ?

Annotations:
D:3 1 runed translucent door


Innate Abilities, Weirdness & Mutations

You cannot be hasted, slowed, berserked, paralysed or teleported.
You can dig through walls and to a lower floor.
Your four strong arms can wield two-handed weapons with a shield.
You have a pair of large antennae on your head. (SInv)


Message History

Press: ? - help, Shift-Dir - straight line, f - killer bee
Aim: a killer bee (heavily wounded)
Okay, then.
You extend your mandibles.
You dig through the rock wall.
Found a granite ring, a potion of curing and 20 gold pieces.
Evoke which item? (* to show all) (? for menu, Esc to quit)
Aiming: Polymorph
Press: ? - help, Shift-Dir - straight line, f - killer bee
Aim: a killer bee (lightly wounded, chance to defeat MR: 54%)
Okay, then.
Evoke which item? (* to show all) (? for menu, Esc to quit)
Aiming: Polymorph
Press: ? - help, Shift-Dir - straight line, f - killer bee
Aim: a killer bee (lightly wounded, chance to defeat MR: 54%)
The killer bee resists with significant effort.
The killer bee stings you but does no damage.
The killer bee stings you.
You die...
Your body disappears without a glow.

#. .# #. #. .#
.####. .#
#..$..##.# ##
###......#.# ...
...!...#.#.##....
#....#y†.......
#....#y..##.#
#....@#{....#
#.=..##.....#
....... .........
###....#......###
######..#.#.#
#)##.#.# #. .. .
#. .#. .


You could see 2 killer bees.

Vanquished Creatures
  Prince Ribbit (D:5)
  A hippogriff (D:7)
  Sigmund (D:5)
  Edmund (D:4)
  A porcupine (D:7)
  An orc warrior (D:7)
  The ghost of JeronimusCornelisz the Chopper, an amateur MiBe of Trog (D:3)
  An ice beast (D:3)
  2 ogres
  2 phantoms
  2 centaurs (D:7)
  Blork the orc (D:5)
  A scorpion (D:5)
  3 killer bees
  2 howler monkeys
  A crimson imp (D:7)
  A quasit (D:7)
  2 hounds
  4 orc priests
  A bullfrog skeleton (D:5)
  6 worker ants
  An iguana (D:5)
  10 orc wizards
  2 hound zombies
  8 adders
  2 river rats (Sewer)
  A shadow imp (D:5)
  2 oozes
  3 adder zombies
  An adder skeleton (D:4)
  5 worms
  3 dart slugs
  7 leopard geckos
  33 orcs
  9 bats
  7 giant cockroaches
  7 hobgoblins
  14 jackals
  7 kobolds
  4 quokkas
  4 ball pythons
  15 frilled lizards
  7 goblins
  A jackal skeleton (D:4)
  11 rats
200 creatures vanquished.

Notes
Turn   | Place    | Note
-------+----------+-------------------------------------------
     0 | D:1      | vishdafish the Formicid Fighter began the quest for the
                  | Orb.
     0 | D:1      | Reached XP level 1. HP: 18/18 MP: 1/1
   302 | D:1      | Reached XP level 2. HP: 24/24 MP: 2/2
   634 | D:1      | Reached XP level 3. HP: 22/29 MP: 3/3
   956 | D:2      | Reached XP level 4. HP: 37/37 MP: 4/4
  1424 | D:3      | Noticed an ice beast
  1554 | D:3      | Reached XP level 5. HP: 34/42 MP: 5/5
  1729 | D:3      | Killed an ice beast
  1729 | D:3      | Reached XP level 6. HP: 20/48 MP: 6/6
  1753 | D:3      | Found a shadowy altar of Dithmenos.
  2007 | D:3      | Found a runed translucent door.
  2303 | D:3      | Found a runed translucent door.
  2304 | D:3      | Noticed JeronimusCornelisz's ghost (amateur MiBe)
  2589 | D:4      | Reached skill level 5 in Shields
  2831 | D:4      | Found a staircase to the Ecumenical Temple.
  2977 | Temple   | Entered the Ecumenical Temple
  3004 | Temple   | Became a worshipper of Nemelex Xobeh the Trickster
  3114 | D:4      | Found Otamel's Assorted Antiques.
  3117 | D:4      | Bought a scroll labeled GAXTUQ CAJOSUR for 19 gold pieces
  3117 | D:4      | Bought a scroll labeled AXO NEMEYKUATH for 19 gold pieces
  3117 | D:4      | Bought a scroll labeled FAARAR WENA for 19 gold pieces
  3117 | D:4      | Bought a scroll labeled WEUDOT LAKOTISU for 19 gold pieces
  3483 | D:4      | Reached XP level 7. HP: 52/55 MP: 7/7
  3498 | D:4      | Found a glowing silver altar of Zin.
  3498 | D:4      | Found an ancient bone altar of Kikubaaqudgha.
  3499 | D:4      | Found a hazy altar of Hepliaklqana.
  3647 | D:5      | Entered Level 5 of the Dungeon
  3658 | D:5      | Reached skill level 1 in Invocations
  3682 | D:5      | Found Tudghila's Magic Scroll Emporium.
  3686 | D:5      | Bought a scroll of identify for 22 gold pieces
  3785 | D:5      | Found a glowing drain.
  3806 | D:5      | Received a gift from Nemelex Xobeh
  3810 | Sewer    | Entered a sewer
  4654 | D:5      | Noticed Blork the orc
  4654 | D:5      | Noticed Prince Ribbit
  4834 | D:3      | Killed JeronimusCornelisz's ghost
  4834 | D:3      | Reached skill level 5 in Fighting
  4834 | D:3      | Reached skill level 5 in Axes
  4834 | D:3      | Reached skill level 5 in Armour
  4902 | D:5      | Killed Prince Ribbit
  4902 | D:5      | Reached XP level 8. HP: 33/62 MP: 10/10
  4916 | D:5      | Killed Blork the orc
  5237 | D:5      | Reached * piety under Nemelex Xobeh
  5329 | D:5      | Reached skill level 5 in Invocations
  6124 | D:5      | Noticed Edmund
  6124 | D:5      | Noticed Sigmund
  6178 | D:4      | Killed Edmund
  6178 | D:4      | Reached XP level 9. HP: 27/69 MP: 11/13
  6385 | D:5      | Killed Sigmund
  6591 | D:6      | Received a gift from Nemelex Xobeh
  6615 | D:6      | Found a shattered altar of Ashenzari.
  6962 | D:7      | Got a pair of pitted boots
  6968 | D:7      | Identified the +1 pair of boots "Sycwuiwn" {-Tele rElec
                  | rCorr Int+2 Dex+6} (You found it on level 7 of the Dungeon)
  7012 | D:7      | Killed a hippogriff
  7352 | D:7      | Reached XP level 10. HP: 70/77 MP: 15/15
  7829 | D:8      | Slain by a killer bee

Skill      XL: |  1  2  3  4  5  6  7  8  9 |
---------------+----------------------------+-----
Shields        | 4 5 6 7 |  7.5
Axes           | 3 4 5 6 |  6.5
Fighting       | 4 5 6 |  6.8
Armour         | 4 5 6 |  6.8
Invocations    | 3 5 7 |  7.7

Action                   |  1- 3 |  4- 6 |  7- 9 | 10-12 || total
-------------------------+-------+-------+-------+-------++-------
Melee: War axe           |    79 |   201 |   250 |       ||   530
       Battleaxe         |       |       |   151 |    30 ||   181
 Abil: Dig               |       |       |     4 |     1 ||     5
       Draw Destruction  |       |       |    10 |       ||    10
       Draw Escape       |       |       |     1 |     1 ||     2
Evoke: Wand              |       |       |       |     1 ||     1
  Use: Scroll            |     1 |     4 |     3 |     2 ||    10
       Potion            |       |       |    10 |     4 ||    14
 Stab: Confused          |       |       |       |     1 ||     1
  Eat: Chunk             |       |     7 |     6 |     1 ||    14
       Ration            |       |       |     3 |       ||     3
Armor: Scale mail        |    47 |    76 |   272 |     1 ||   396
       Chain mail        |       |       |       |    73 ||    73
Dodge: Dodged            |    28 |    62 |    58 |    38 ||   186
Block: Shield            |    40 |   114 |   279 |    64 ||   497
